 Dungeon Crawl Stone Soup version 0.19-a0-1534-g03f6967 (webtiles) character file.

30 Ryco the Chopper (level 3, -9/49 HPs)
             Began as a Minotaur Berserker on Sept 13, 2016.
             Was a Believer of Trog.
             Mangled by a gnoll
             ... wielding a +0 halberd
              (13 damage)
             ... on level 2 of the Dungeon.
             The game lasted 00:02:03 (382 turns).

Ryco the Chopper (Minotaur Berserker)                Turns: 382, Time: 00:02:04

Health: -9/49      AC:  3    Str: 27    XL:     3   Next: 3%
Magic:  2/2        EV: 12    Int:  4    God:    Trog [**....]
Gold:   57         SH:  0    Dex:  9    Spells: 0 memorised, 2 levels left

rFire  . . .     SeeInvis .     a - +0 hand axe
rCold  . . .     Gourm    .     b - +0 animal skin
rNeg   . . .     Faith    .     (no shield)
rPois  .         Spirit   .     (helmet restricted)
rElec  .         Dismiss  .     l - +0 cloak
rCorr  .         Reflect  .     (no gloves)
MR     .....     Harm     .     (no boots)
Stlth  ..........               g - amulet of magic regeneration
                                (no ring)
                                (no ring)

@: berserking, very quick
A: retaliatory headbutt, horns 2
a: Berserk, Trog's Hand, Burn Spellbooks, Renounce Religion


You were on level 2 of the Dungeon.
You worshipped Trog.
Trog was pleased with you.
You were not hungry.

You visited 1 branch of the dungeon, and saw 2 of its levels.

You collected 57 gold pieces.

Inventory:

Hand Weapons
 a - a +0 hand axe (weapon)
Armour
 b - a +0 animal skin (worn)
 l - a +0 cloak (worn)
Jewellery
 g - an amulet of magic regeneration (around neck)
Scrolls
 d - a scroll of amnesia {unknown}
 e - a scroll of random uselessness {unknown}
 h - 3 scrolls of identify {unknown}
 i - 2 scrolls of fog {unknown}
Potions
 k - 2 potions of heal wounds {unknown}
 m - a potion of magic {unknown}
 n - a potion of cancellation {unknown}
Comestibles
 c - 3 bread rations
 f - a beef jerky
 j - a meat ration
 o - 2 fruits


   Skills:
 + Level 4.0 Fighting
 + Level 4.1 Axes
 + Level 3.1 Armour
 + Level 2.5 Dodging


You had 2 spell levels left.
You didn't know any spells.

Dungeon Overview and Level Annotations

Branches:
Dungeon (2/15)

Altars:


Innate Abilities, Weirdness & Mutations

You reflexively headbutt those who attack you in melee.
You have a pair of horns on your head.


Message History

The gnoll closely misses you. You furiously retaliate!
You headbutt the gnoll!
You kill the gnoll!
Trog accepts your kill.
You can now call upon Trog for regeneration and protection from hostile enchantments.
Your Fighting skill increases to level 4!
Your Armour skill increases to level 3!
You have reached level 3!
Your experience leads to an increase in your attributes!
Increase (S)trength, (I)ntelligence, or (D)exterity?
You feel stronger. The gnoll barely misses you.
Unknown command.
The gnoll hits you with a halberd!
* * * LOW HITPOINT WARNING * * *
The gnoll hits you but does no damage.
You see here a halberd.
A red film seems to cover your vision as you go berserk!
You feel yourself moving faster!
You feel mighty!
You feel somewhat more hungry. The gnoll hits you with a halberd!
You die...

#.##.# #.#.g #.#.#
####.g.# # #......
.# #.....# ##.#.##
##..#######.......
#........gg.#....#
#..#######@...#
##.## #..#### #
#..# #.## ..###
#####.########.#
....
##...#....#.....#
#
#...........#####
# .........<..# #
............# #
............# #


You could see 2 gnolls.

Vanquished Creatures
  A gnoll (D:2)
  A giant gecko (D:1)
  4 bats
  A giant cockroach (D:1)
  A goblin (D:2)
  2 hobgoblins (D:1)
  2 jackals (D:1)
  A giant newt (D:2)
  5 kobolds (D:1)
  A rat (D:1)
19 creatures vanquished.

Notes
Turn   | Place    | Note
-------+----------+-------------------------------------------
     0 | D:1      | Ryco the Minotaur Berserker began the quest for the Orb.
     0 | D:1      | Reached XP level 1. HP: 19/19 MP: 0/0
   222 | D:2      | Reached XP level 2. HP: 17/27 MP: 1/1
   380 | D:2      | Reached ** piety under Trog
   380 | D:2      | Reached XP level 3. HP: 18/33 MP: 2/2
   382 | D:2      | Mangled by a gnoll

Vault maps used:
D:1:      scummos_arrival_star, nrook_loot_triangle
D:2:      first_bread

Skill      XL: |  1  2 |
---------------+-------+-----
Axes           | 4 |  4.1
Fighting       | 4 |  4.0
Armour         | 3 |  3.1
Dodging        | |  2.5

Action                   || total
-------------------------++-------
Melee: Hand axe          ||    32
       Headbutt          ||     4
Invok: Berserk           ||     1
Armor: Animal skin       ||    12
Dodge: Dodged            ||    29
